 Dungeon Crawl Stone Soup version 0.18.1-48-g4cf74bf (webtiles) character file.

22 Implojin the Shield-Bearer (level 2, -1/26 HPs)
             Began as a Minotaur Fighter on July 21, 2016.
             Slain by Crazy Yiuf
             ... wielding a +3 quarterstaff of chaos
              (9 damage)
             ... on level 2 of the Dungeon.
             The game lasted 00:01:06 (257 turns).

Implojin the Shield-Bearer (Minotaur Fighter)        Turns: 257, Time: 00:01:06

Health: -1/26      AC:  6    Str: 25    XL:     2   Next: 68%
Magic:  1/1        EV:  7    Int:  5    God:
Gold:   15         SH:  9    Dex:  9    Spells: 0 memorised, 1 level left

rFire  . . .     SeeInvis .       - Unarmed
rCold  . . .     Gourm    .     a - +0 scale mail
rNeg   . . .     Faith    .     b - +0 shield
rPois  .         Spirit   .     (helmet restricted)
rElec  .         Dismiss  .     (no cloak)
rCorr  .         Reflect  .     (no gloves)
SustAt .         Harm     .     (no boots)
MR     .....                    (no amulet)
Stlth  ..........               (no ring)
                                (no ring)

@: mighty, not resistant to hostile enchantments, extremely unstealthy
A: retaliatory headbutt, horns 2
a: no special abilities


You were on level 2 of the Dungeon.
You were not hungry.

You visited 1 branch of the dungeon, and saw 2 of its levels.

You collected 15 gold pieces.

Inventory:

Armour
 a - a +0 scale mail (worn)
 b - a +0 shield (worn)
Scrolls
 e - 2 scrolls of remove curse {unknown}
 f - a scroll of blinking {unknown}
 h - 2 scrolls of identify {unknown}
Potions
 g - a potion of brilliance {unknown}
Comestibles
 d - a bread ration


   Skills:
 - Level 3.6 Fighting
 - Level 3.6 Armour
 - Level 3.6 Shields
 * Level 3.6 Unarmed Combat


You had one spell level left.
You didn't know any spells.

Dungeon Overview and Level Annotations

Branches:
Dungeon (2/15)

Altars:

Annotations:
D:2 Crazy Yiuf


Innate Abilities, Weirdness & Mutations

You reflexively headbutt those who attack you in melee.
You have a pair of horns on your head.


Message History

You kill the jackal!
Things that are here:
a ball python corpse; a jackal corpse; a goblin corpse You now have 15 gold pieces.
e - 2 scrolls labeled QYISMU UZUETSO (gained 1)
Found a mace.
Crazy Yiuf the Enlightened comes into view.
He is wielding a quarterstaff of chaos.
Crazy Yiuf drinks a potion.
Crazy Yiuf seems to speed up.
Crazy Yiuf yells, "Two poople shoe!"
Crazy Yiuf hits you with a quarterstaff of chaos.
Crazy Yiuf freezes you.
* * * LOW HITPOINT WARNING * * *
Unknown command.
Drink which item? (? for menu, Esc to quit)
Okay, then.
Your shield and scale mail prevent you from hitting Crazy Yiuf.
Crazy Yiuf barely misses you.
Your shield prevents you from hitting Crazy Yiuf.
You headbutt Crazy Yiuf, but do no damage.
Crazy Yiuf hits you with a quarterstaff of chaos.
* * * LOW HITPOINT WARNING * * *
Your surroundings suddenly seem different.
Unknown command.
Things that are here:
a ball python corpse; a jackal corpse; a goblin corpse Crazy Yiuf shouts!
Crazy Yiuf screams, "Line!
Paint song aubergine."
Drink which item? (? for menu, Esc to quit)
You feel very mighty all of a sudden. You block Crazy Yiuf's attack.
Unknown command.
Unknown command.
Your shield and scale mail prevent you from hitting Crazy Yiuf.
Crazy Yiuf hits you with a quarterstaff of chaos.
* * * LOW HITPOINT WARNING * * *
Unknown command.
You punch Crazy Yiuf!
Crazy Yiuf is moderately wounded.
Crazy Yiuf hits you with a quarterstaff of chaos!
You die...

## #.. ##### .#
#.# #..)#
.######.######
#...#
.............#
...
#.#####..#.#.#
#.# ..#
#..#.#.# ##.#
### #..#.#.#
#.## #......#
##g# ##...#.#
#@## #....(#
##.## #..##.#
#...## #.)...#
#....# ##.##.#
#....# #.##.#
#....###
#.##.####...#.#
#.....# ##.##.#
#.....# #....#


You could see Crazy Yiuf.

Vanquished Creatures
  An adder (D:2)
  A dart slug (D:2)
  A ball python (D:2)
  A bat (D:2)
  2 goblins (D:2)
  3 jackals (D:2)
9 creatures vanquished.

Notes
Turn   | Place    | Note
--------------------------------------------------------------
     0 | D:1      | Implojin the Minotaur Fighter began the quest for the Orb.
     0 | D:1      | Reached XP level 1. HP: 19/19 MP: 0/0
    83 | D:2      | Reached skill level 3 in Unarmed Combat
    83 | D:2      | Reached XP level 2. HP: 20/26 MP: 1/1
   190 | D:2      | Noticed Crazy Yiuf
   257 | D:2      | Slain by Crazy Yiuf

Skill      XL: |  1 |
---------------+----+-----
Unarmed Combat | 3 |  3.6
Fighting       | |  3.6
Armour         | |  3.6
Shields        | |  3.6

Action                   || total
-------------------------++-------
Melee: Unarmed           ||    38
       Headbutt          ||     5
  Use: Potion            ||     1
Armor: Scale mail        ||    10
Dodge: Dodged            ||     7
Block: Shield            ||    21

Table legend:
 A = Turns spent in this place as a percentage of turns spent in the entire game.
 B = Non-inter-level travel turns spent in this place as a percentage of non-inter-level travel turns spent in the entire game.
 C = Inter-level travel turns spent in this place as a percentage of turns spent in this place.
 D = Turns resting spent in this place as a percentage of non-inter-level travel turns spent in this place.
 E = Turns spent auto-exploring this place as a percentage of non-inter-level travel turns spent in this place.
 F = Non-inter-level travel turns spent in this place divided by the number of levels of this place that you've seen.
                   A       B       C       D       E      F
               +-------+-------+-------+-------+-------+----------------------
         Total | 100.0 | 100.0 |   0.0 |   0.0 |   0.0 | 132.0
       Dungeon | 100.0 | 100.0 |   0.0 |   0.0 |   0.0 | 132.0
               +-------+-------+-------+-------+-------+----------------------

Table legend:
 A = Kills in this place as a percentage of kills in entire the game.
 B = Kills by you in this place as a percentage of kills by you in the entire game.
 C = Kills by friends in this place as a percentage of kills by friends in the entire game.
 D = Other kills in this place as a percentage of other kills in the entire game.
 E = Experience gained in this place as a percentage of experience gained in the entire game.
 F = Experience gained in this place divided by the number of levels of this place that you have seen.
                   A       B       C       D       E      F
               +-------+-------+-------+-------+-------+----------------------
         Total | 100.0 | 100.0 |  -nan |  -nan | 100.0 |  16.0
       Dungeon | 100.0 | 100.0 |  -nan |  -nan | 100.0 |  16.0
               +-------+-------+-------+-------+-------+----------------------
